 Dungeon Crawl Stone Soup version 0.31-a0-150-g89dc3ad700 (webtiles) character file.

Game seed: 16335625440707955437

151 qw the Shooter (level 5, -2/46 HPs)
             Began as a Minotaur Hunter on June 8, 2023.
             Slain by a gnoll
             ... wielding a +0 spear
              (4 damage)
             ... on level 4 of the Dungeon.
             The game lasted 00:00:56 (2355 turns).

qw the Shooter (Minotaur Hunter)                    Turns: 2355, Time: 00:00:57

Health: -2/46      AC:  9    Str: 15    XL:     5   Next: 10%
Magic:  4/4        EV: 11    Int:  5    God:
Gold:   114        SH:  0    Dex: 16    Spells: 4/4 levels left

rFire   . . .        Y - +0 shortbow
rCold   . . .        (shield currently unavailable)
rNeg    + . .        g - +0 ring mail
rPois   +            (helmet restricted)
rElec   .            k - +2 ratskin cloak {*Rats rPois rN+ Str-1 Int-1 Dex+1}
rCorr   .            j - +0 pair of gloves
SInv    .            (no boots)
Will    .....        f - amulet of faith
Stlth   +            (no ring)
HPRegen 0.27/turn    (no ring)
MPRegen 0.09/turn

%: faith
@: no status effects
A: horns 2, retaliatory headbutt
a: no special abilities


You were on level 4 of the Dungeon.
You visited 1 branch of the dungeon, and saw 4 of its levels.

You collected 114 gold pieces.


Innate Abilities, Weirdness & Mutations

You have a pair of horns on your head.
You reflexively headbutt those who attack you in melee.


   Skills:
 - Level 4.0 Fighting
 + Level 6.2 Ranged Weapons
 - Level 1.4 Armour
 - Level 2.1 Dodging
 - Level 0.7 Stealth


You had 4 spell levels left.
You didn't know any spells.
Your spell library was empty.

Inventory:

Hand Weapons
 Y - a +0 shortbow (weapon)
Armour
 g - a +0 ring mail (worn)
 j - a +0 pair of gloves (worn)
 k - the +2 ratskin cloak (worn) {*Rats rPois rN+ Str-1 Int-1 Dex+1}
   (You found it on level 2 of the Dungeon)

   *Rats:     When the wearer is hurt, rats may emerge from it to assist them.
   Str:       It affects your strength (-1).
   Int:       It affects your intelligence (-1).
   Dex:       It affects your dexterity (+1).
   rPois:     It protects you from poison.
   rN:        It protects you from negative energy.
Jewellery
 b - an amulet of the acrobat
 f - an amulet of faith (around neck)
Scrolls
 a - a scroll of identify
Potions
 e - a potion of ambrosia {unknown}
 h - 2 potions of brilliance {unknown}
 i - a potion of mutation {unknown}

Dungeon Overview and Level Annotations

Branches:
Dungeon (4/15)
 Temple: D:4-7

Altars:
Dithmenos
Ru
Wu Jian

Shops:
D:2 =


Message History

You shoot an arrow. The arrow hits the kobold.
The kobold is moderately wounded.
The gnoll barely misses you. The goblin hits you but does no damage.
The kobold hits you but does no damage.
Your river rat closely misses the goblin.
An adder comes into view.
You shoot an arrow. The arrow closely misses the kobold.
The arrow completely misses the gnoll.
The gnoll closely misses you. The goblin misses you.
The kobold hits you but does no damage.
The gnoll completely misses your river rat.
Your river rat bites the goblin.
You shoot an arrow. The arrow hits the goblin!
You kill the goblin!
The kobold hits you with a +0 short sword.
The gnoll barely misses you. The gnoll barely misses your river rat.
You shoot an arrow. The arrow hits the kobold!
You kill the kobold!
The gnoll closely misses you.
You shoot an arrow. The arrow barely misses the goblin.
The arrow hits the gnoll but does no damage.
The gnoll is lightly wounded.
The goblin hits you but does no damage.
The gnoll hits you from afar with a +0 halberd.
The gnoll closely misses you.
A black bear comes into view.
The goblin hits you but does no damage. The gnoll hits you but does no damage.
The gnoll hits you from afar with a +0 halberd!
You shoot an arrow. The arrow hits the gnoll!
The gnoll is heavily wounded.
The gnoll hits you with a +0 flail! The goblin hits you but does no damage.
The gnoll barely misses you. x2; The gnoll hits you but does no damage.
You shoot an arrow.
The arrow hits the gnoll but does no damage.
The gnoll is heavily wounded.
An adder comes into view.
The gnoll barely misses you. The goblin hits you but does no damage.
The gnoll hits you but does no damage. The gnoll barely misses you.
The gnoll hits you from afar with a +0 spear.
You die...

........# #..........
........# #.###.###(#
........# #.# #.# #.#
S.......# #.###.# #.#
........######..(..###.#
........'...............
........##############.#
.....ggS# #.# ..h.ggr@#
# ########g......
.g..... ....... .......
....... ....... .......


You could see a black bear, 5 gnolls, 2 adders, a goblin and a friendly river
rat.

Vanquished Creatures
  2 gnolls (D:4)
  5 adders
  An ufetubus (D:4)
  2 worms
  2 dart slugs (D:3)
  2 orcs (D:3)
  11 endoplasms
  5 giant cockroaches
  4 goblins
  4 hobgoblins
  9 kobolds
  4 quokkas
  8 ball pythons
  A bat (D:2)
  4 frilled lizards
  8 rats
72 creatures vanquished.

Notes
Turn   | Place    | Note
-------+----------+-------------------------------------------
     0 | D:1      | qw the Minotaur Hunter began the quest for the Orb.
     0 | D:1      | Reached XP level 1. HP: 18/18 MP: 0/0
     0 | D:1      | 0 ||| qw: Version: 0.2-a-120-gdf1a93b
     0 | D:1      | 0 ||| qw: Game counter: 2945
     0 | D:1      | 0 ||| qw: Always use a shield: true
     0 | D:1      | 0 ||| qw: God list: Okawaru
     0 | D:1      | 0 ||| qw: Allow faded altars: false
     0 | D:1      | 0 ||| qw: Do Orc after D:15 true
     0 | D:1      | 0 ||| qw: Do second Lair branch before Depths: true
     0 | D:1      | 0 ||| qw: Lair rune preference: random
     0 | D:1      | 0 ||| qw: Plans: Normal
     0 | D:1      | 0 ||| PLANNING D:1-11
   220 | D:1      | Reached XP level 2. HP: 25/25 MP: 1/1
   283 | D:1      | Reached skill level 5 in Ranged Weapons
   435 | D:1      | Found a faded altar of an unknown god.
   438 | D:1      | Reached skill level 3 in Fighting
   825 | D:1      | 825 ||| UPGRADING to +0 pair of gloves.
   830 | D:1      | 830 ||| UPGRADING to amulet of faith.
   835 | D:1      | 835 ||| READING 2 scrolls labelled NORISCH JOUS.
   836 | D:1      | 836 ||| READING scroll labelled MAOHYT WOOF.
   837 | D:1      | 837 ||| READING scroll labelled ZOFAH WYIF.
   838 | D:1      | 838 ||| DROPPING scroll of butterflies.
   868 | D:2      | Reached XP level 3. HP: 31/31 MP: 2/2
   888 | D:2      | Found a shadowy altar of Dithmenos.
  1072 | D:2      | Found the +2 ratskin cloak {*Rats rPois rN+ Str-1 Int-1
                  | Dex+1}
  1125 | D:2      | Found Xic Ysy's Jewellery Boutique.
  1136 | D:2      | 1136 ||| SHOPLISTING +5 ring of evasion (432 gold, have
                  | 75).
  1136 | D:2      | 1136 ||| SHOPLISTING +6 ring of dexterity (432 gold, have
                  | 75).
  1136 | D:2      | 1136 ||| SHOPLISTING amulet of reflection (360 gold, have
                  | 75).
  1136 | D:2      | 1136 ||| SHOPLISTING ring of fire (300 gold, have 75).
  1136 | D:2      | 1136 ||| SHOPLISTING ring of ice (300 gold, have 75).
  1136 | D:2      | 1136 ||| SHOPLISTING ring of protection from cold (300
                  | gold, have 75).
  1136 | D:2      | 1136 ||| SHOPLISTING ring of willpower (300 gold, have 75).
  1309 | D:2      | 1309 ||| UPGRADING to +0 ring mail.
  1319 | D:2      | 1319 ||| DROPPING +0 leather armour.
  1320 | D:2      | 1320 ||| UPGRADING to +2 ratskin cloak {*Rats rPois rN+
                  | Str-1 Int-1 Dex+1}.
  1325 | D:2      | 1325 ||| READING scroll labelled BUDYACIOSS.
  1390 | D:3      | 1390 ||| FLEEEEING.
  1498 | D:3      | Found an ornate altar of the Wu Jian Council.
  1506 | D:3      | Reached skill level 1 in Armour
  1506 | D:3      | Reached XP level 4. HP: 38/38 MP: 3/3
  1563 | D:3      | Reached skill level 6 in Ranged Weapons
  2037 | D:3      | Found a sacrificial altar of Ru.
  2247 | D:3      | 2247 ||| READING scroll labelled EMUSHR BERUOTYG.
  2248 | D:3      | 2248 ||| READING scroll labelled VEP NEESYELEI.
  2346 | D:4      | Reached XP level 5. HP: 29/46 MP: 4/4
  2353 | D:4      | Noticed a black bear
  2353 | D:4      | HP: 8/46 [gnoll/+0 halberd (8)]
  2354 | D:4      | HP: 1/46 [gnoll/+0 flail (7)]
  2355 | D:4      | Slain by a gnoll

Levels and vault maps discovered:
D:1:      eino_arrival_water_star, layout_basic,
          chequers_ecumenical_altar_island
D:2:      layout_rooms, basic_altar, serial_shops, nicolae_square_shop,
          minmay_misc_feat_square
D:3:      layout_basic, nicolae_ru_awakened_eye, lemuel_round_altar
D:4:      layout_basic, minmay_temple_entry_slanted, serial_shops, shop_coins,
          hangedman_decor_growths, uniq_blork_the_orc, uniq_menkaure

Skill      XL: |  1  2  3  4 |
---------------+-------------+-----
Ranged Weapons | 5 6 |  6.2
Fighting       | 3 4 |  4.0
Armour         | 1 |  1.4
Dodging        | |  2.1
Stealth        | |  0.7

Action                     |  1- 3 |  4- 6 || total
---------------------------+-------+-------++-------
   Fire: Shortbow          |   142 |    77 ||   219
    Use: Scroll            |     4 |     2 ||     6
 Armour: Leather armour    |    12 |       ||    12
         Ring mail         |     2 |    23 ||    25
  Dodge: Dodged            |    24 |    25 ||    49

Table legend:
 A = Non-vault XP
 B = Vault XP
 C = Vault XP percentage of total XP
 D = Non-vault monster count
 E = Vault monster count
 F = Vault count percentage of total count
                 A         B        C        D         E       F
            +---------+---------+-------+---------+---------+-------
      Total |     216 |       0 |   0.0 |      72 |       0 |   0.0
            +---------+---------+-------+---------+---------+-------
        D:1 |      36 |       0 |   0.0 |      23 |       0 |   0.0
        D:2 |      47 |       0 |   0.0 |      22 |       0 |   0.0
        D:3 |      88 |       0 |   0.0 |      21 |       0 |   0.0
        D:4 |      45 |       0 |   0.0 |       6 |       0 |   0.0
            +---------+---------+-------+---------+---------+-------
